 Dungeon Crawl Stone Soup version 0.19.0-22-gd96e5fe (webtiles) character file.

198 emikaela the Grave Robber (level 6, -1/46 HPs)
             Began as a Formicid Necromancer on Nov 19, 2016.
             Slain by an orc warrior
             ... wielding a +0 glaive
              (8 damage)
             ... on level 3 of the Dungeon.
             The game lasted 00:17:01 (4258 turns).

emikaela the Grave Robber (Formicid Necromancer)    Turns: 4258, Time: 00:17:02

Health: -1/46      AC:  4    Str: 21    XL:     6   Next: 6%
Magic:  2/10       EV: 12    Int: 16    God:
Gold:   193        SH:  0    Dex: 11    Spells: 4 memorised, 3 levels left

rFire  . . .     SeeInvis +     u - +1 dagger (drain)
rCold  . . .     Gourm    .     a - +0 robe
rNeg   . . .     Faith    .     (no shield)
rPois  .         Spirit   .     (helmet unavailable)
rElec  .         Reflect  .     p - +0 cloak
rCorr  .         Harm     .     (no gloves)
MR     .....                    g - +0 pair of boots
Stlth  ++........               (no amulet)
                                n - +3 ring of strength
                                f - ring of wizardry

@: mighty, very slightly contaminated
A: permanent stasis, dig shafts and tunnels, four strong arms, antennae 3
a: Dig, Shaft Self


You were on level 3 of the Dungeon.
You were not hungry.

You visited 1 branch of the dungeon, and saw 3 of its levels.

You collected 193 gold pieces.

Inventory:

Hand Weapons
 r - a +0 long sword
 u - a +1 dagger of draining (weapon)
Missiles
 e - 5 sling bullets
 i - 63 arrows
 m - 52 stones
 q - 8 tomahawks (quivered)
 v - 20 bolts
 y - 13 poisoned needles
Armour
 a - a +0 robe (worn)
 g - a +0 pair of boots (worn)
 p - a +0 cloak (worn)
Jewellery
 f - a ring of wizardry (left hand)
 h - an uncursed amulet of guardian spirit
 n - a +3 ring of strength (right hand)
Scrolls
 d - a scroll of fog
 j - 2 scrolls of recharging
 k - a scroll of enchant weapon
 o - 2 scrolls of remove curse
 s - a scroll of enchant armour {unknown}
 t - a scroll of immolation
 w - a scroll of fear {unknown}
Potions
 l - a potion of mutation
 x - a potion of brilliance
Books
 b - a book of Necromancy
Comestibles
 c - 3 bread rations
 A - 6 chunks of flesh


   Skills:
 + Level 2.8 Fighting
 + Level 2.2 Dodging
 - Level 2.4 Stealth
 - Level 3.0 Spellcasting
 - Level 2.1 Charms
 - Level 5.0 Necromancy


You had 3 spell levels left.
You knew the following spells:

 Your Spells              Type           Power        Failure   Level  Hunger
a - Pain                  Necr           ###.         1%          1    #......
b - Animate Skeleton      Necr           N/A          1%          1    #......
r - Regeneration          Chrm/Necr      ##........   6%          3    ###....
v - Vampiric Draining     Necr           ###.......   4%          3    ###....


Dungeon Overview and Level Annotations

Branches:
Dungeon (3/15)

Altars:
Gozag
Trog

Annotations:
D:2 Natasha


Innate Abilities, Weirdness & Mutations

You are under a permanent stasis effect.
You can dig through walls and to a lower floor.
Your four strong arms can wield two-handed weapons with a shield.
You have a pair of large antennae on your head. (SInv)


Message History

You miscast Vampiric Draining.
You are very lightly contaminated with residual magic.
You smell decay.
Your adder skeleton bites the orc warrior but does no damage.
Your hobgoblin skeleton barely misses the orc warrior.
You hit the orc warrior but do no damage.
The orc warrior is lightly wounded.
The orc warrior hits you with a glaive!
* * * LOW HITPOINT WARNING * * *
Your adder skeleton bites the orc warrior.
You feel very mighty all of a sudden.
Your hobgoblin skeleton barely misses the orc warrior.
Your adder skeleton bites the orc warrior.
The orc warrior closely misses you.
You hit the orc warrior but do no damage.
The orc warrior is moderately wounded.
Your adder skeleton closely misses the orc warrior.
Your hobgoblin skeleton hits the orc warrior but does no damage.
The orc warrior hits you with a glaive!
You die...

.##.# #.####.##..#.......{......
###.# ##......Z.......#..........
#.# #...###.##..#.#.#.##..#..#.
#.# #.#Z# #.##..#.#.#.##..#o.#
#.# #.#.# #.##............#..#
#.# #.#.# #...............#..#
###.# #.#.# #..#.#....###...#o.#
....###.#.###..#.##..###.......#.
###.............@o....#...{......
#<.)..........ZZ#....._.##...##
#####.######.#>)# .##...###..#
#######.# #.#..#. ###.## ...#
......).######..... .. ...#
...###.........####. ... ...##
##......######. .. { ....
######## ## .# .#### ..


You could see an orc warrior, a friendly adder skeleton and a friendly hobgoblin
skeleton.

Vanquished Creatures
  An orc priest (D:3)
  An orc wizard (D:3)
  Natasha (D:2)
  4 adders
  An ooze (D:3)
  A worm (D:2)
  2 leopard geckos
  11 orcs (D:3)
  5 giant cockroaches
  9 goblins
  5 hobgoblins
  3 kobolds
  A quokka (D:2)
  5 ball pythons
  5 bats
  2 frilled lizards
  4 rats
61 creatures vanquished.

Vanquished Creatures (collateral kills)
  A kobold (D:1)
1 creature vanquished.

Grand Total: 62 creatures vanquished

Notes
Turn   | Place    | Note
-------+----------+-------------------------------------------
     0 | D:1      | emikaela the Formicid Necromancer began the quest for the Orb.
     0 | D:1      | Reached XP level 1. HP: 13/13 MP: 3/3
    59 | D:1      | Learned a level 1 spell: Animate Skeleton
   350 | D:1      | Reached XP level 2. HP: 18/19 MP: 1/5
  1444 | D:2      | Reached XP level 3. HP: 23/24 MP: 2/6
  1449 | D:2      | Learned a level 3 spell: Vampiric Draining
  1557 | D:2      | Found an opulent altar of Gozag.
  1581 | D:2      | Noticed Natasha
  1592 | D:2      | Killed Natasha
  1854 | D:2      | Noticed Natasha
  2036 | D:2      | Reached skill level 5 in Necromancy
  2036 | D:2      | Reached XP level 4. HP: 29/30 MP: 5/8
  2243 | D:2      | Learned a level 3 spell: Regeneration
  2332 | D:2      | Reached skill level 1 in Fighting
  2854 | D:2      | Reached skill level 1 in Charms
  2978 | D:3      | Noticed an orc warrior
  3021 | D:3      | Reached XP level 5. HP: 38/38 MP: 6/9
  4032 | D:3      | Found a bloodstained altar of Trog.
  4189 | D:3      | Reached XP level 6. HP: 45/46 MP: 7/10
  4258 | D:3      | Slain by an orc warrior

Skill      XL: |  1  2  3  4  5 |
---------------+----------------+-----
Necromancy     | 5 |  5.0
Spellcasting   | 3 |  3.0
Fighting       | 1 2 |  2.8
Charms         | 1 2 |  2.1
Dodging        | 2 |  2.2
Stealth        | |  2.4

Action                   |  1- 3 |  4- 6 || total
-------------------------+-------+-------++-------
Melee: Unarmed           |    13 |       ||    13
       Dagger            |       |    13 ||    13
 Cast: Pain              |    46 |    89 ||   135
       Animate Skeleton  |    10 |    12 ||    22
       Vampiric Draining |       |     2 ||     2
  Use: Scroll            |     8 |     4 ||    12
       Potion            |       |     1 ||     1
  Eat: Chunk             |     4 |     8 ||    12
Armor: Robe              |       |     2 ||     2
Dodge: Dodged            |    10 |     9 ||    19
       Rpst.: Long sword |       |     1 ||     1
